 Dungeon Crawl Stone Soup version 0.24-a0-521-g122614bf49 (console) character file.

Game seed: 14234043549975875748

191326 skumtomte the Minotaur Blade (level 18, -1/176 HPs)
             Began as a Minotaur Berserker on July 29, 2019.
             Was an Elder of Trog.
             Killed from afar by a nagaraja (46 damage)
             ... with an orb of energy
             ... on level 4 of the Snake Pit.
             The game lasted 01:29:36 (29249 turns).

skumtomte the Minotaur Blade (Minotaur Berserker)  Turns: 29249, Time: 01:29:37

Health: -1/176     AC: 31    Str: 25    XL:     18   Next: 0%
Magic:  20/22      EV:  9    Int:  9    God:    Trog [****..]
Gold:   823        SH:  0    Dex: 15    Spells: 17/17 levels left

rFire    + + .     SeeInvis .   a - +4 triple sword (protect)
rCold    . . .     Gourm    .   (shield currently unavailable)
rNeg     . . .     Faith    .   H - +2 plate armour {rF+}
rPois    +         Spirit   .   (helmet restricted)
rElec    +         Reflect  .   O - scarf {cloud immunity}
rCorr    +         Harm     .   (no gloves)
MR       +....                  V - +2 pair of boots "Otuoso" {rElec rF+ Str+3}
Stlth    ..........             f - amulet of the acrobat
HPRegen  0.39/turn              A - ring of resist corrosion
MPRegen  0.18/turn              Q - ring "Xipraxolom" {rElec rPois Str-4 Int+2 Dex+4}

@: lethally poisoned (-1 -> -20), protection aura, berserk cooldown, slowed,
very slow
A: retaliatory headbutt, horns 2
a: Berserk, Trog's Hand, Brothers in Arms, Renounce Religion


You were on level 4 of the Snake Pit.
You worshipped Trog.
Trog was greatly pleased with you.
You were not hungry.

You visited 4 branches of the dungeon, and saw 26 of its levels.
You visited the Abyss 1 time.
You also visited: Sewer.

You collected 2736 gold pieces.
You spent 1913 gold pieces at shops.

Inventory:

Hand Weapons
 a - a +4 triple sword of protection (weapon)
 o - a +4 scimitar of flaming
 u - a +3 great sword of freezing
Missiles
 g - 65 poisoned darts
 E - 2 throwing nets
 N - 5 silver javelins
 T - 2 curare-tipped darts (quivered)
Armour
 H - a +2 plate armour of fire resistance (worn)
 O - a scarf of cloud immunity (worn)
 V - the +2 pair of boots "Otuoso" (worn) {rElec rF+ Str+3}
   (You bought it in a shop on level 2 of the Orcish Mines)

   It affects your strength (+3).
   It protects you from fire.
   It insulates you from electricity.
Jewellery
 b - an uncursed amulet of regeneration
 e - an uncursed ring of protection from cold
 f - an amulet of the acrobat (around neck)
 m - a +6 ring of strength
 A - a ring of resist corrosion (left hand)
 J - an uncursed ring of see invisible
 Q - the ring "Xipraxolom" (right hand) {rElec rPois Str-4 Int+2 Dex+4}
   (You acquired it on level 13 of the Dungeon)

   [ring of intelligence]

   It affects your strength (-4).
   It affects your intelligence (+2).
   It affects your dexterity (+4).
   It insulates you from electricity.
   It protects you from poison.
Wands
 h - a wand of enslavement (10)
 k - a wand of disintegration (17)
 r - a wand of clouds (3)
 t - a wand of acid (3)
 D - a wand of random effects (26)
 F - a wand of polymorph (7)
 R - a wand of flame (15)
Scrolls
 q - 3 scrolls of fog
 w - 4 scrolls of remove curse
 x - a scroll of magic mapping
 y - 4 scrolls of identify
 z - 6 scrolls of enchant armour
 C - 6 scrolls of enchant weapon
Potions
 d - 7 potions of brilliance
 i - 5 potions of cancellation
 j - 2 potions of agility
 l - 10 potions of curing
 B - 4 potions of flight
 I - 2 potions of berserk rage
 L - 3 potions of ambrosia
 S - 5 potions of might
Comestibles
 c - 27 rations


   Skills:
 + Level 19.2 Fighting
 * Level 21.8 Long Blades
 + Level 19.1 Armour
 - Level 2.3 Dodging
 - Level 1.0 Unarmed Combat
 - Level 7.0 Evocations


You had 17 spell levels left.
You didn't know any spells.
Your spell library was empty.

Dungeon Overview and Level Annotations

Branches:
Dungeon (14/15)            Temple (0/1) D:7            Lair (6/6) D:8
  Swamp (0/4) Lair:4        Snake (4/4) Lair:3        Slime (0/5) Lair:5
    Orc (2/2) D:11            Elf (0/3) Orc:2        Vaults (0/5) D:13

Altars:
Cheibriados
Dithmenos
Kikubaaqudgha
Makhleb
Okawaru
Qazlal
Uskayaw
Vehumet
Xom
Beogh
Jiyva

Shops:
D:4 :   D:7 *   D:8 *   Orc:2 [(}?[   Snake:3 (

Annotations:
D:12 1 runed translucent door
Lair:4 1 runed translucent door, Nilosor's ghost, journeyman DrAE


Innate Abilities, Weirdness & Mutations

You reflexively headbutt those who attack you in melee.
You have a pair of horns on your head.


Message History

The nagaraja points at you and mumbles some strange words.
The poison arrow hits you but does no damage.
You are more poisoned.
The nagaraja mumbles some strange words.
The nagaraja seems to speed up.
You chop the nagaraja into pieces!!!
You kill the nagaraja!
Trog accepts your kill.
Trog appreciates your killing of a magic user.
You have reached level 18!
Your experience leads to an increase in your attributes!
Your base attributes are Str 25, Int 7, Dex 11.
Increase (S)trength, (I)ntelligence, or (D)exterity?
You feel stronger.
You feel very sick. The nagaraja spits poison at you.
The splash of poison misses you. The nagaraja casts a spell at you.
The orb of energy hits you!!!
You die...

#.................#.#..≈≈≈..#(#))
#...........(.....#.#..≈≈≈..#)#))
#.................##...≈≈).()##)(
###................###...(.###(..
###.............#######'#'#######
#.............###.##.........#*,*
#............##..#.............*,
#...........##.§...#.........#.,,
###.........#..)@#.............*,
#.........#.†##.###.......###,*
#........##..####≈##[≈≈≈.##≈***
##.......##N.##*≈≈≈≈##≈≈≈##≈≈≈≈*
#........#))## *≈≈≈≈≈*####≈≈≈≈≈*
####.###.#)N# **≈≈..,,,,,,,,,≈≈*
### ###††###≈≈≈.≈≈≈≈,≈≈≈≈,≈≈≈
##........≈≈≈≈,≈≈≈≈,,,,
##...≈≈.≈≈≈≈≈,≈≈≈≈≈,≈≈


You could see a nagaraja.

Vanquished Creatures
  Vashnia (Snake:3)
  Jorgrun (D:12)
  Rupert (D:14)
  Asterion (Snake:1)
  Agnes (D:14)
  6 nagarajas
  Donald (Orc:2)
  2 entropy weavers (Lair:6)
  Nessos (D:13)
  Azrael (D:12)
  The ghost of Zaamme Wyni the Covert, a journeyman HuAr of Trog (Lair:2)
  2 ogre magi (Orc:2)
  A fire dragon (Lair:6)
  Harold (Lair:2)
  An ice dragon (D:13)
  16 naga warriors
  Erolcha (D:12)
  A hydra (D:11)
  14 anacondas
  A tengu warrior (D:14)
  A queen ant (Lair:6)
  18 naga sharpshooters
  5 two-headed ogres
  The ghost of DeathSun the Cleaver, a novice HOFi of Okawaru (D:8)
  Nergalle (Orc:2)
  5 shock serpents
  Urug (D:13)
  3 salamander mystics
  An unseen horror (D:12)
  9 sea snakes
  A lindwurm (Lair:6)
  3 naga ritualists
  A wolf spider zombie (D:14)
  A deep elf mage (D:14)
  2 orc knights
  8 orc sorcerers (Orc:2)
  5 mana vipers
  7 ugly things
  A manticore (D:13)
  12 salamanders
  5 cyclopes
  37 black mambas
  3 molten gargoyles (Lair:6)
  12 naga magi
  A water nymph (shapeshifter) (D:14)
  8 guardian serpents
  3 centaur zombies
  9 spiny frogs
  5 gargoyles
  A torpor snail (Lair:6)
  3 kobold demonologists (D:12)
  2 rime drakes
  8 komodo dragons
  A tengu conjurer (D:13)
  5 trolls
  4 polar bears
  Grinder (D:5)
  A hornet (D:9)
  11 hippogriffs
  13 dream sheep (Lair:6)
  A meliai zombie (D:13)
  16 slime creatures
  2 shadows
  A wraith (D:12)
  7 wyverns
  7 basilisks
  3 fire elementals (D:12)
  7 humans (D:13)
  A human (shapeshifter) (D:14)
  Grum (D:10)
  24 yaks
  3 steam dragons
  2 wargs (Orc:2)
  Menkaure (D:6)
  3 hungry ghosts
  An acid dragon (D:13)
  49 nagas
  19 soldier ants (Lair:6)
  11 water moccasins
  5 hell hounds
  8 porcupines
  12 orc warriors
  3 phantoms
  4 ice beasts
  3 sky beasts (D:6)
  3 black bears
  10 ogres
  15 wolves
  15 crocodiles
  15 centaurs
  4 big kobolds
  19 bullfrogs
  2 scorpions
  A hornet simulacrum (D:13)
  8 killer bees
  21 wights
  3 howler monkeys (D:14)
  4 lava snakes (Lair:6)
  2 crimson imps
  2 bullfrog zombies
  4 centaur skeletons
  4 jellies
  A quasit (D:14)
  4 bullfrog skeletons
  A gnoll shaman (D:5)
  10 orc priests
  6 hounds
  31 orc wizards
  Terence (D:2)
  4 iguanas
  12 hell rats
  28 worker ants
  3 hound skeletons
  5 worker ant zombies
  12 gnolls
  14 adders
  2 howler monkey skeletons
  3 river rats (Sewer)
  A shadow imp (D:9)
  2 oozes
  5 worms
  2 dart slugs (D:3)
  13 leopard geckos
  69 orcs
  9 giant cockroaches
  5 goblins
  15 hobgoblins
  30 kobolds
  6 quokkas
  7 ball pythons
  9 bats
  7 frilled lizards
  A jackal zombie (D:8)
  25 rats
943 creatures vanquished.

Vanquished Creatures (collateral kills)
  A hydra (Lair:6)
  An ogre mage (Orc:2)
  A naga sharpshooter (Snake:3)
  A salamander mystic (Snake:4)
  3 wraiths (D:8)
  A yak (Lair:6)
  9 humans (D:13)
  A naga (Snake:4)
  2 orc warriors (Orc:2)
  2 crocodiles
  An orc wizard (Orc:2)
  A fungus (Lair:6)
24 creatures vanquished.

Vanquished Creatures (others)
  A hell hound (Lair:6)
  An orc wizard (D:12)
  6 fungi (Lair:6)
  5 plants (Lair:6)
13 creatures vanquished.

Grand Total: 980 creatures vanquished

Notes
Turn   | Place    | Note
-------+----------+-------------------------------------------
     0 | D:1      | skumtomte the Minotaur Berserker began the quest for the
                  | Orb.
     0 | D:1      | Reached XP level 1. HP: 19/19 MP: 0/0
   281 | D:1      | Reached skill level 4 in Long Blades
   281 | D:1      | Reached XP level 2. HP: 18/27 MP: 1/1
  1100 | D:2      | Noticed a +0 dagger
  1101 | D:2      | Noticed a +0 hand axe
  1103 | D:2      | Found a hide-covered altar of Uskayaw.
  1115 | D:2      | Reached XP level 3. HP: 33/33 MP: 2/2
  1126 | D:2      | Noticed Terence
  1130 | D:2      | Killed Terence
  1210 | D:2      | Reached XP level 4. HP: 41/41 MP: 3/3
  1454 | D:2      | Found a snail-covered altar of Cheibriados.
  1457 | D:2      | Found a radiant altar of Vehumet.
  1460 | D:2      | Found a shimmering altar of Xom.
  1761 | D:2      | Reached ** piety under Trog
  2063 | D:3      | Reached skill level 5 in Long Blades
  2192 | D:3      | Reached skill level 5 in Fighting
  2192 | D:3      | Reached XP level 5. HP: 44/48 MP: 4/4
  2511 | D:3      | Found a glowing drain.
  2524 | D:3      | Reached XP level 6. HP: 45/56 MP: 5/5
  2587 | Sewer    | Entered a sewer
  2631 | Sewer    | Reached *** piety under Trog
  2855 | Sewer    | Reached skill level 6 in Long Blades
  2855 | Sewer    | Reached skill level 5 in Armour
  3269 | D:4      | Reached **** piety under Trog
  3417 | D:4      | Reached XP level 7. HP: 57/63 MP: 6/6
  3444 | D:4      | Found Osimn's Book Shop.
  4111 | D:5      | Entered Level 5 of the Dungeon
  4183 | D:5      | Reached skill level 7 in Long Blades
  4219 | D:5      | Found a stormy altar of Qazlal.
  4329 | D:5      | Found an iron altar of Okawaru.
  4353 | D:5      | Noticed Grinder
  4358 | D:5      | Killed Grinder
  4358 | D:5      | Reached XP level 8. HP: 56/73 MP: 7/7
  4677 | D:5      | Reached skill level 8 in Long Blades
  5173 | D:6      | Noticed Menkaure
  5183 | D:6      | Killed Menkaure
  5183 | D:6      | Reached skill level 1 in Evocations
  5748 | D:6      | Found a shadowy altar of Dithmenos.
  5748 | D:6      | Found an ancient bone altar of Kikubaaqudgha.
  5897 | D:6      | Reached XP level 9. HP: 75/82 MP: 9/9
  5965 | D:6      | Reached skill level 9 in Long Blades
  6554 | D:7      | Found Saighoho's Assorted Antiques.
  6566 | D:7      | Bought a triangular jasper amulet for 135 gold pieces
  6566 | D:7      | Bought a scroll of identify for 54 gold pieces
  6566 | D:7      | Bought a scroll of identify for 54 gold pieces
  6593 | D:7      | Found a staircase to the Ecumenical Temple.
  6760 | D:7      | Reached ***** piety under Trog
  7249 | D:8      | Found a runed translucent gate.
  7249 | D:8      | Found a runed translucent gate.
  7250 | D:8      | Found a runed translucent gate.
  7253 | D:8      | Noticed DeathSun's ghost (novice HOFi)
  7279 | D:8      | Reached skill level 10 in Long Blades
  7279 | D:8      | Reached skill level 10 in Fighting
  7287 | D:8      | Killed DeathSun's ghost
  7287 | D:8      | Reached XP level 10. HP: 93/93 MP: 12/12
  7518 | D:8      | Found Afaaxkup's General Store.
  7521 | D:8      | Bought a potion of mutation for 96 gold pieces
  7574 | D:8      | Found a staircase to the Lair.
  7833 | Lair:1   | Entered Level 1 of the Lair of Beasts
  7923 | Lair:1   | Reached skill level 10 in Armour
  7929 | Lair:1   | Reached skill level 5 in Evocations
  8647 | Lair:2   | Noticed a black mamba
  8653 | Lair:2   | Killed a black mamba
  8681 | Lair:2   | Reached skill level 11 in Long Blades
  8833 | Lair:2   | Noticed a spiny frog
  8834 | Lair:2   | Noticed Zaamme Wyni's ghost (journeyman HuAr)
  8835 | Lair:2   | Found a runed translucent gate.
  8835 | Lair:2   | Found a runed translucent gate.
  8847 | Lair:2   | Found a runed translucent gate.
  9054 | Lair:2   | Reached XP level 11. HP: 41/102 MP: 14/14
  9173 | Lair:2   | Noticed Harold
  9183 | Lair:2   | Killed Harold
  9570 | Lair:2   | Killed Zaamme Wyni's ghost
  9791 | Lair:3   | Found a staircase to the Snake Pit.
  9875 | Lair:3   | Reached skill level 12 in Long Blades
 10059 | Lair:3   | Found a snail-covered altar of Cheibriados.
 10507 | Lair:4   | Found a runed translucent door.
 10507 | Lair:4   | Noticed Nilosor's ghost (journeyman DrAE)
 10992 | Lair:4   | Found a staircase to the Swamp.
 11378 | Lair:5   | You fall into a shaft and drop 1 floor!
 11378 | Lair:6   | Entered Level 6 of the Lair of Beasts
 11400 | Lair:6   | Reached XP level 12. HP: 113/113 MP: 16/16
 11512 | Lair:6   | Reached skill level 13 in Long Blades
 11675 | Lair:6   | Noticed a six-headed hydra
 11678 | Lair:6   | Killed an eight-headed hydra
 12070 | Lair:6   | Noticed an entropy weaver
 12079 | Lair:6   | Killed an entropy weaver
 12079 | Lair:6   | Received a gift from Trog
 12079 | Lair:6   | Reached skill level 14 in Long Blades
 12397 | Lair:6   | Reached XP level 13. HP: 114/124 MP: 17/17
 12503 | Lair:6   | Found a large runed translucent door.
 12503 | Lair:6   | Found a large runed translucent door.
 12680 | Lair:6   | Noticed a fire dragon
 12936 | Lair:6   | Noticed an entropy weaver
 12950 | Lair:6   | Killed an entropy weaver
 13222 | Lair:6   | Killed a fire dragon
 13581 | Lair:5   | Found a viscous altar of Jiyva.
 13582 | Lair:5   | Found a staircase to the Slime Pits.
 14200 | D:9      | Reached skill level 15 in Long Blades
 14208 | D:9      | Received a gift from Trog
 14226 | D:9      | Reached skill level 15 in Fighting
 14492 | D:10     | Entered Level 10 of the Dungeon
 14523 | D:10     | Noticed Grum
 14536 | D:10     | Killed Grum
 14849 | D:10     | Received a gift from Trog
 14897 | D:10     | Reached skill level 15 in Armour
 15076 | D:11     | Found a staircase to the Orcish Mines.
 15263 | D:11     | You fall into a shaft and drop 3 floors!
 15263 | D:14     | Noticed Rupert
 15275 | D:14     | Killed Rupert
 15575 | D:14     | Reached XP level 14. HP: 136/136 MP: 18/18
 15695 | D:14     | Reached ****** piety under Trog
 15776 | D:14     | Noticed Agnes
 15790 | D:14     | Killed Agnes
 15966 | D:14     | Reached skill level 16 in Long Blades
 16205 | D:13     | Noticed Urug
 16205 | D:13     | Noticed Nessos
 16230 | D:13     | Killed Urug
 16242 | D:13     | Killed Nessos
 16242 | D:13     | Received a gift from Trog
 16266 | D:13     | Found a gate to the Vaults.
 16785 | D:13     | Identified a scroll of acquirement
 16786 | D:13     | Got a pitted silver ring
 16787 | D:13     | Identified the ring "Xipraxolom" {rElec rPois Str-4 Int+2
                  | Dex+4} (You acquired it on level 13 of the Dungeon)
 17048 | D:13     | Reached skill level 17 in Long Blades
 17610 | D:12     | Found a runed translucent door.
 17624 | D:12     | Received a gift from Trog
 17725 | D:12     | Noticed Azrael
 17733 | D:12     | Killed Azrael
 17773 | D:12     | Found a runed translucent door.
 17812 | D:12     | Noticed Erolcha
 17819 | D:12     | Cast into level 1 of the Abyss (Erolcha)
 17819 | Abyss:1  | Found a corrupted altar of Lugonu.
 17830 | D:12     | Escaped the Abyss
 17838 | D:12     | Killed Erolcha
 17950 | D:12     | Noticed Jorgrun
 17966 | D:12     | Killed Jorgrun
 18451 | D:12     | Reached XP level 15. HP: 146/146 MP: 19/19
 18453 | D:12     | Received a gift from Trog
 18645 | Orc:1    | Entered Level 1 of the Orcish Mines
 18673 | Orc:1    | Received a gift from Trog
 18786 | Orc:1    | Found a burning altar of Makhleb.
 19054 | Orc:2    | Entered Level 2 of the Orcish Mines
 19423 | Orc:2    | Reached skill level 18 in Long Blades
 19465 | Orc:2    | Noticed Donald
 19479 | Orc:2    | Killed Donald
 19492 | Orc:2    | Found Witearr's Armour Shop.
 19549 | Orc:2    | Found a staircase to the Elven Halls.
 19748 | Orc:2    | Found a radiant altar of Vehumet.
 19805 | Orc:2    | Found Secu's Magic Scroll Boutique.
 19821 | Orc:2    | Noticed Nergalle
 19839 | Orc:2    | Killed Nergalle
 19897 | Orc:2    | Reached XP level 16. HP: 155/155 MP: 20/20
 19909 | Orc:2    | Found an ancient bone altar of Kikubaaqudgha.
 20026 | Orc:2    | Found a roughly hewn altar of Beogh.
 20026 | Orc:2    | Found Elaqei's Antique Weapon Shop.
 20061 | Orc:2    | Found Palea's Gadget Shop.
 20064 | Orc:2    | Found Kiety's Antique Armour Boutique.
 20072 | Orc:2    | Bought a glowing plate armour for 910 gold pieces
 20072 | Orc:2    | Bought an ichor-stained cloak for 332 gold pieces
 20072 | Orc:2    | Bought a pair of faintly humming boots for 332 gold pieces
 20093 | Orc:2    | Identified the cursed +0 cloak of Seryfyce {rF- rCorr
                  | Str+7} (You bought it in a shop on level 2 of the Orcish
                  | Mines)
 20103 | Orc:2    | Identified the +2 pair of boots "Otuoso" {rElec rF+ Str+3}
                  | (You bought it in a shop on level 2 of the Orcish Mines)
 20995 | Snake:1  | Entered Level 1 of the Snake Pit
 21495 | Snake:1  | Reached skill level 19 in Long Blades
 21910 | Snake:1  | Noticed Asterion
 21923 | Snake:1  | Killed Asterion
 21928 | Snake:1  | Received a gift from Trog
 23427 | Snake:3  | Found Loack's Antique Weapon Shoppe.
 24211 | Snake:3  | Noticed Vashnia
 24575 | Snake:3  | Reached skill level 20 in Long Blades
 24842 | Snake:3  | Reached XP level 17. HP: 141/165 MP: 21/21
 25512 | Snake:3  | Killed Vashnia
 26132 | Snake:4  | Entered Level 4 of the Snake Pit
 26982 | Snake:4  | Reached skill level 21 in Long Blades
 29201 | Snake:4  | Reached skill level 1 in Unarmed Combat
 29249 | Snake:4  | Reached XP level 18. HP: 47/176 MP: 20/22
 29249 | Snake:4  | Killed from afar by a nagaraja

Levels and vault maps discovered:
D:1:      minmay_arrival_nine_rooms, layout_loops_ring, chequers_arboretum,
          dk_noncrumbling_3, grunt_decor_arrowhead,
          corexii_item_surrounded_by_moat
D:2:      layout_basic, dancing_weapons_uskayaw, grunt_temple_overflow_diamond,
          uniq_terence
D:3:      layout_basic, gup_sewer_entry_pipe
D:4:      layout_cave_pools, serial_shops, nicolae_shop_window_shopping
D:5:      layout_loops_ring, lemuel_round_altar, nicolae_overflow_crystal_walls,
          first_ration, grunt_ministairs_12, kb_lookout_dungeons_type,
          uniq_grinder
D:6:      minmay_bubble_buster, layout_basic, gammafunk_temple_overflow_wave,
          kennysheep_generic_room_2, uniq_menkaure
D:7:      layout_loops_ring, minmay_temple_entry_statues_fountains,
          serial_shops, shop
D:8:      layout_layer_cave, lair_entry_dummy, serial_shops,
          nicolae_shop_crystal, gammafunk_ghost_spectres
D:9:      layout_rooms
D:10:     layout_cross, serial_column_ruins, column_ruins_open_medium,
          column_ruins_grid_3, column_ruins_corridor_dead_end,
          column_ruins_grid_1, column_ruins_open_medium,
          column_ruins_columns_corner, uniq_grum
D:11:     layout_cave_pools, orc_david_3
D:12:     cheibrodos_histonic, layout_rooms, uniq_azrael, uniq_jorgrun,
          uniq_erolcha
D:13:     layout_layer_cave, david_vaults_3, grunt_tengu_nest,
          minmay_the_grid_2x2 [minmay_the_grid_doors, minmay_the_grid_slots,
          minmay_the_grid_zigzags, minmay_the_grid_prize_four_corners_diamond_b]
D:14:     layout_irregular_city, uniq_rupert, uniq_agnes
Lair:1:   layout_loops_ring
Lair:2:   layout_gridlike, gammafunk_ghost_split, serial_bayou_shore_b,
          uniq_harold
Lair:3:   layout_misc_corridors, minmay_snake_entry_spellcaster, basic_altar,
          grunt_megastairs_4
Lair:4:   layout_regular_city, minmay_swamp_entry_reptiles,
          gammafunk_ghost_grave, nicolae_lair_grove_arrangements,
          chequers_serial_rivers_small_a, grunt_megastairs_1, lemuel_fruit_tree,
          serial_bayou_shore_b
Lair:5:   layout_loops_ring, slime_altar_1, nicolae_volcano_entry_two_sided
Lair:6:   cheibrodos_lair_end_hotspot, layout_cave_shapes, zaba_antful_of_joy
Snake:1:  layout_onion, grunt_megastairs_2, uniq_asterion
Snake:2:  layout_gridlike
Snake:3:  nicolae_sea_snake_s, layout_misc_corridors, serial_shops, shop,
          serial_bayou_shore_b, serial_bayou_shore_b, uniq_vashnia
Snake:4:  grunt_snake_rune_pools, layout_cave_town, st_stairs_8
Orc:1:    layout_diamond_mine, basic_altar
Orc:2:    kennysheep_orc_mage_school, layout_caves, serial_shops,
          nicolae_shop_competitors_out_of_business, uniq_donald

Skill      XL: |  1  2  3  4  5  6  7  8  9 10 11 12 13 14 15 16 17 |
---------------+----------------------------------------------------+-----
Long Blades    | 4 5 6 7 8 10 11 12 14 15 17 18 20 21 | 21.8
Fighting       | 4 5 6 7 8 10 11 12 14 15 16 17 18 19 | 19.2
Armour         | 3 4 5 6 8 9 10 12 14 15 16 17 18 19 | 19.1
Evocations     | 2 4 6 7 |  7.0
Unarmed Combat | 1 |  1.0
Dodging        | |  2.3

Action                   |  1- 3 |  4- 6 |  7- 9 | 10-12 | 13-15 | 16-18 || total
-------------------------+-------+-------+-------+-------+-------+-------++-------
Melee: Falchion          |    50 |    72 |       |       |       |       ||   122
       Headbutt          |     7 |    45 |    53 |   142 |   200 |   212 ||   659
       Scimitar          |       |   130 |   253 |   491 |    65 |   165 ||  1104
       Demon blade       |       |       |       |       |   384 |       ||   384
       Triple sword      |       |       |       |       |   333 |   434 ||   767
       Great sword       |       |       |       |       |    16 |   156 ||   172
Throw: Dart              |       |       |    18 |       |     5 |       ||    23
Invok: Berserk           |     2 |     2 |     8 |    11 |    16 |    14 ||    53
       Trog's Hand       |       |       |     3 |     7 |    15 |    23 ||    48
       Brothers in Arms  |       |       |     1 |     4 |     4 |     5 ||    14
Evoke: Wand              |       |       |     8 |       |    19 |    25 ||    52
  Use: Scroll            |       |    13 |     9 |     4 |    10 |    11 ||    47
       Potion            |       |       |       |     4 |     3 |    14 ||    21
 Stab: Paralysed         |       |       |       |       |     2 |       ||     2
  Eat: Chunk             |     2 |    10 |    17 |    23 |    43 |    14 ||   109
       Ration            |       |       |     1 |     3 |     1 |    12 ||    17
Armor: Animal skin       |     2 |       |       |       |       |       ||     2
       Ring mail         |     7 |       |       |       |       |       ||     7
       Chain mail        |     6 |   149 |    51 |       |       |       ||   206
       Plate armour      |       |       |   124 |   207 |   537 |   533 ||  1401
Dodge: Dodged            |    33 |   126 |   103 |   194 |   384 |   330 ||  1170
       Rpst.: Falchion   |     8 |     9 |       |       |       |       ||    17
       Scimitar          |       |    29 |    31 |    51 |    12 |    13 ||   136
       Demon blade       |       |       |       |       |    42 |       ||    42
       Triple sword      |       |       |       |       |    39 |    37 ||    76
       Great sword       |       |       |       |       |     5 |    20 ||    25

Table legend:
 A = Non-vault XP
 B = Vault XP
 C = Vault XP percentage of total XP
 D = Non-vault monster count
 E = Vault monster count
 F = Vault count percentage of total count
                 A         B        C        D         E       F
            +---------+---------+-------+---------+---------+-------
      Total |  134449 |  102726 |  43.3 |     631 |     336 |  34.7
            +---------+---------+-------+---------+---------+-------
        D:1 |      20 |       0 |   0.0 |      11 |       0 |   0.0
        D:2 |     111 |      36 |  24.5 |      28 |       1 |   3.4
        D:3 |     207 |      22 |   9.6 |      32 |       9 |  22.0
        D:4 |     472 |       0 |   0.0 |      19 |       0 |   0.0
        D:5 |     370 |     409 |  52.5 |      13 |       3 |  18.8
        D:6 |     696 |     727 |  51.1 |      16 |       9 |  36.0
        D:7 |    1237 |       0 |   0.0 |      31 |       0 |   0.0
        D:8 |     756 |     968 |  56.1 |      15 |       4 |  21.1
        D:9 |    1948 |       0 |   0.0 |      31 |       0 |   0.0
       D:10 |    3255 |     539 |  14.2 |      24 |       4 |  14.3
       D:11 |    2318 |     128 |   5.2 |      14 |       2 |  12.5
       D:12 |    6735 |    9270 |  57.9 |      27 |      26 |  49.1
       D:13 |    4983 |   11488 |  69.7 |      31 |      41 |  56.9
       D:14 |   10048 |    5143 |  33.9 |      47 |       2 |   4.1
     Lair:1 |    2286 |       0 |   0.0 |      17 |       0 |   0.0
     Lair:2 |    3180 |    3517 |  52.5 |      15 |       8 |  34.8
     Lair:3 |    2959 |    1484 |  33.4 |      12 |       5 |  29.4
     Lair:4 |    1848 |     823 |  30.8 |      13 |       5 |  27.8
     Lair:5 |     972 |       0 |   0.0 |       3 |       0 |   0.0
     Lair:6 |   11594 |   15279 |  56.9 |      57 |      67 |  54.0
    Snake:1 |    6806 |    6609 |  49.3 |      13 |       9 |  40.9
    Snake:2 |    4975 |       0 |   0.0 |      13 |       0 |   0.0
    Snake:3 |   32391 |   10426 |  24.4 |      48 |      11 |  18.6
    Snake:4 |   28638 |   26482 |  48.0 |      52 |      47 |  47.5
      Orc:1 |    1122 |       0 |   0.0 |      18 |       0 |   0.0
      Orc:2 |    4522 |    9160 |  66.9 |      31 |      35 |  53.0
      Sewer |       0 |     216 | 100.0 |       0 |      48 | 100.0
            +---------+---------+-------+---------+---------+-------
